Map: King's Cove LE

Players

Tezu

  • Race: Protoss Protoss
  • League: Master
  • Spawn Location: 11:00

zuka - Winner!

  • Race: Protoss Protoss
  • League: Master
  • Spawn Location: 5:00

VOD

Have the link to the VOD?

Description

Time

  • Played on: July 3, 2019, 4:19 p.m.
  • Length: 2:18
Show
View Real Time Build Order
Export as new Build Order

Tezu Protoss 

Build Orders:  

Get SALT Encoding   

  12  0:00  Probe  
  13  0:12  Probe  
  14  0:19  Pylon  
  14  0:24  Probe  
  15  0:35  Probe  
  15  0:40  Gateway  
  16  0:44  Probe  
  16  0:46  Assimilator  
  17  0:53  Probe  
  18  1:00  Assimilator  
  18  1:23  Gateway  
  18  1:30  Zealot  
  18  1:31  Pylon  
Show
View Real Time Build Order
Export as new Build Order

zuka Protoss - Winner!

Build Orders: Cannon Rush 

Get SALT Encoding   

  12  0:01  Probe  
  13  0:09  Probe  
  14  0:18  Pylon  
  14  0:19  Probe  
  15  0:37  Forge  
  15  0:40  Probe  
  16  1:02  Pylon  
  16  1:03  Pylon  
  16  1:05  Pylon  
  16  1:21  Photon Cannon  
  16  1:30  Pylon  
  16  1:45  Photon Cannon  
  16  1:49  Photon Cannon  
  16  1:59  Pylon  
Tags
 
Matchup
PvP
Spawn Locations
Cross Positions
Add a new tag
Caveats
  • Supply blocks, unpowered buildings, or Contaminate may cause inaccurate times.
  • Supply counts are checked every 10 seconds.